Celery, chaotic female sylph Rogue ------------ --- --------- |........... ###|. ....... |..........| #|.------------.....- --------- |..<.......| #|.|/.)|...|..|.....| |(((|...| --------.-+- #|.|%.(|...|..|.....+ |(((|...| # ##|.|%.)|...|..|.....| |...|... | ## #..|...|.. -|--.....-----|--|---.. ## #|.--|--|---.%...................| ## #|.......).....{..[...[........... ### #..--|---|--....---|--...........| ... ---.-.- ##|.|...|...----.|.)..|.------+--.| |.....| # #|.|(((|...| +.|....|.+ |.(q.| | |....[.#########|.|(((|...| |.|.._.|.| |...E| |.....| # #|.|((.|...| |.|....|.| |..d.| |......##### #|.--------- -*------.- ------ |.....| #|. . . ------- #--- --- --- Celery the Rogue Experience level: 9 Strength: 16 Dexterity: 20 Constitution: 17 Intelligence: 8 Wisdom: 12 Charisma: 8 Health: 0(61) Energy: 51(51) Def: 0 Gold: 0 Moves: 8000 Dungeon seed: 7gbzDAphnFSWD3Ua Game ID: Celery_1471024880 Your Inventory: Weapons b - an uncursed +1 dagger named d (weapon in hand) k - 13 uncursed +0 daggers (in quiver) W - an uncursed +0 dagger Armor e - an uncursed +0 cloak of invisibility n - an uncursed +0 dwarvish cloak (being worn) Wands l - an uncursed wand of light (0:0) v - an uncursed wand of secret door detection (0:11) D - an uncursed wand of probing (0:3) H - an uncursed wand of make invisible (0:3) V - a blessed wand of make invisible (0:4) Tools f - an uncursed skeleton key g - an uncursed blindfold s - an uncursed bag of holding G - an uncursed lock pick U - an uncursed oil lamp (0:1385) Contents of the bag of holding: 1564 gold pieces 10 uncursed +0 daggers an uncursed +0 mummy wrapping 11 uncursed food rations 2 uncursed oranges an uncursed tin of spinach 2 uncursed scrolls of blank paper a cursed scroll of blank paper an uncursed scroll of create monster an uncursed scroll of destroy armor 2 uncursed scrolls of earth a cursed scroll of enchant armor a blessed scroll of light a blessed scroll of punishment 2 blessed scrolls of remove curse an uncursed scroll of scare monster a cursed scroll of stinking cloud an uncursed scroll of teleportation an uncursed spellbook of levitation an uncursed spellbook of sleep an uncursed potion of blindness an uncursed potion of confusion an uncursed potion of extra healing a blessed potion of gain ability a blessed potion of gain energy 2 uncursed potions of gain energy an uncursed potion of hallucination an uncursed potion of healing a potion of holy water a blessed potion of monster detection an uncursed potion of polymorph an uncursed potion of restore ability a cursed potion of restore ability an uncursed potion of see invisible an uncursed potion of sickness a cursed potion of speed an uncursed potion of water an uncursed +1 ring of adornment an uncursed ring of invisibility an uncursed ring of poison resistance an uncursed ring of polymorph control an uncursed ring of teleport control an uncursed ring of warning an uncursed wand of magic missile (0:7) an uncursed wand of opening (0:3) an uncursed wand of sleep (0:4) a blessed wand of speed monster (0:6) an uncursed can of grease (0:17) an uncursed fire horn (0:4) an uncursed +0 pick-axe an uncursed sack an uncursed amethyst stone an uncursed dilithium crystal 2 uncursed garnet stones an uncursed jade stone 2 uncursed worthless pieces of black glass an uncursed worthless piece of blue glass 2 uncursed worthless pieces of orange glass an uncursed worthless piece of red glass 3 uncursed worthless pieces of violet glass Spells and supernatural/magical abilities: Name Level Category Fail Memory W - pray for help -- divine ? -- Your skills at the end: Miscellaneous Skills wands [Basic] Weapon Skills dagger [Skilled] short sword [Basic] Spellcasting Skills healing spells [Basic] Final Attributes: You were piously aligned. You saw invisible. You had infravision. You were displaced. You were stealthy. You were protected from shape changers. You were fast. You are dead. Vanquished creatures: 2 giant mimics a small mimic a flaming sphere a cockatrice 2 wolves 3 leprechauns a dwarf lord a quasit 2 wood nymphs 4 rock moles a rock piercer a fog cloud 2 shriekers 7 gnome lords 2 gnomish wizards a kobold mummy a guardian naga hatchling 4 elf zombies 2 paper golems 4 giant ants a floating eye 12 dwarves a kobold lord 2 kobold shamans 3 iguanas 2 hill orcs a rabid rat a centipede a giant bat 5 orc zombies 2 dwarf zombies 2 killer bees 2 gas spores a hobbit an acid blob 2 large kobolds 2 geckos 7 giant rats 2 cave spiders 2 yellow molds 3 red molds 23 gnomes 2 garter snakes 2 manes 2 gnome zombies 9 jackals 3 foxes 9 kobolds 12 newts 2 goblins 17 grid bugs 12 lichens 2 kobold zombies 193 creatures vanquished. Voluntary challenges: You were vegetarian. You had been an atheist until turn 7730. You used a wielded weapon 320 times, starting on turn 30. You did not apply a unicorn horn. You read items or engraved 23 times, starting on turn 929. You never genocided any monsters. You never polymorphed an object. You never changed form. You completed Sokoban on turn 6184, according to the rules. You used no wishes. You never split a pudding. You never wrote Elbereth's name. You never violated your personal moral code. Dungeon overview: The Dungeons of Doom: levels 1 to 6 Level 1 a fountain, some sinks a long staircase Level 2 a fountain Level 3 a general store, a fountain Level 4 a fountain stairs to The Gnomish Mines Level 5 many fountains Level 6 a sink stairs to Sokoban The Gnomish Mines: levels 5 to 8 Level 5 stairs to The Dungeons of Doom Level 6 Level 7 Level 8 <- You were here some shops, a temple to Mog, a magic chest, some fountains Sokoban: levels 2 to 5 Level 2 a magic chest Level 3 a sink Level 4 a fountain Level 5 a magic chest stairs to The Dungeons of Doom History has recorded: On T:1 you entered the Dungeons of Doom to retrieve the Amulet of Yendor! On T:535 you reached level 2 of The Dungeons of Doom. On T:625 you advanced to experience level 2. On T:842 you advanced to experience level 3. On T:919 you reached level 3 of The Dungeons of Doom. On T:1315 you advanced to experience level 4. On T:1907 you reached level 4 of The Dungeons of Doom. On T:2293 you reached level 5 of The Dungeons of Doom. On T:2655 you advanced to experience level 5. On T:2729 you reached level 6 of The Dungeons of Doom. On T:3178 you reached level 4 of Sokoban. On T:3322 you opened a magic chest. On T:3326 you opened a magic chest. On T:3875 you reached level 3 of Sokoban. On T:4133 you advanced to experience level 6. On T:4548 you reached level 2 of Sokoban. On T:5291 you reached level 1 of Sokoban. On T:6184 you advanced to experience level 7. On T:6184 you entered the Sokoban zoo. On T:6272 you opened a magic chest. On T:6529 you advanced to experience level 8. On T:6529 you received advice from The Oracle. On T:6529 you advanced to experience level 9. On T:6572 you reached level 1 of The Gnomish Mines. On T:6592 you reached level 2 of The Gnomish Mines. On T:7090 you reached level 3 of The Gnomish Mines. On T:7629 you reached level 4 of The Gnomish Mines. On T:7722 you entered the Minetown temple On T:7921 you opened a magic chest. On T:7925 you opened a magic chest. On T:7926 you opened a magic chest. On T:7958 you opened a magic chest. On T:7989 you opened a magic chest. Score breakdown: Gold: 1564 ( 156 points) Experience: 9 levels ( 800 points) Exploration: 8 levels ( 210 points) Discoveries: 22 items ( 1100 points) Variety of kills: 53 monsters ( 2000 points) Major goal: finished Sokoban ( 1000 points) Survival: died (score multiplied by 3) Total score: 15798 Latest messages: C - an uncursed scroll labeled PRIRUTSENIE. You drop a cursed orange potion. A - a cursed orange potion. You put a cursed orange potion into the bag called holding. As you read the scroll, it disappears. The leocrotta claws you! The leocrotta bites! The leocrotta claws you! You succeed in unlocking the door. The leocrotta claws you! The leocrotta bites! The leocrotta claws you! The dog picks up an opera cloak. The leocrotta claws you! The leocrotta bites! You die... Final status: Goodbye Celery the Rogue, killed by a leocrotta... You died in The Gnomish Mines on dungeon level 8 with 15798 points, and 1564 pieces of gold, after 8000 moves. You were level 9 with a maximum of 61 hit points when you died.